 Dungeon Crawl Stone Soup version 0.30-b1-5-g8e6c1be481 (webtiles) character file.

Game seed: 9308217952354469808

2522 Hexicom the Cleaver (level 9, -2/73 HPs)
             Began as a Hill Orc Fighter on May 3, 2023.
             Was a Believer of Beogh.
             Slain by a two-headed ogre
             ... wielding a +0 giant club
              (25 damage)
             ... on level 8 of the Dungeon on May 4, 2023.
             The game lasted 01:47:12 (8102 turns).

Hexicom the Cleaver (Hill Orc Fighter)              Turns: 8102, Time: 01:47:13

Health: -2/73      AC: 11    Str: 27    XL:     9   Next: 54%
Magic:  18/18      EV: 11    Int: 12    God:    Beogh [**....]
Gold:   404        SH:  6    Dex: 16    Spells: 3/8 levels left

rFire   . . .        s - +4 broad axe (flame)
rCold   . . .        c - +1 buckler
rNeg    . . .        n - +1 swamp dragon scales
rPois   +            (helmet restricted)
rElec   .            d - +0 cloak
rCorr   .            m - +0 pair of gloves
SInv    .            (no boots)
Will    .....        h - amulet of Tioroown {Faith MP+9 Str+4 Int+4}
Stlth   +            t - +6 ring of dexterity
HPRegen 0.32/turn    q - ring of wizardry
MPRegen 0.16/turn

%: faith, wizardry (x1)
@: about to teleport
A: antennae 1, subdued magic 1, noise suppression
a: Renounce Religion, Smiting


You were on level 8 of the Dungeon.
You worshipped Beogh.
Beogh was pleased with you.
You visited 1 branch of the dungeon, and saw 8 of its levels.

You collected 404 gold pieces.

Inventory:

Hand Weapons
 s - a +4 broad axe of flaming (weapon)
Missiles
 e - 8 poisoned darts
 j - 83 stones
 u - 2 javelins (quivered)
 v - 3 boomerangs
Armour
 c - a +1 buckler (worn)
 d - a +0 cloak (worn)
 m - a +0 pair of gloves (worn)
 n - +1 swamp dragon scales (worn)
Jewellery
 g - a ring of flight
 h - the amulet of Tioroown (around neck) {Faith MP+9 Str+4 Int+4}
   (You found it on level 3 of the Dungeon)

   [amulet of faith]

   It allows you to gain divine favour quickly.
   Str:       It affects your strength (+4).
   Int:       It affects your intelligence (+4).
   MP:        It affects your magic capacity (+9).
 l - a ring of ice
 q - a ring of wizardry (right hand)
 t - a +6 ring of dexterity (left hand)
Wands
 o - a wand of iceblast (5)
 p - a wand of flame (26)
Scrolls
 i - 3 scrolls of amnesia
 k - 4 scrolls of identify
 r - a scroll of noise
Potions
 b - a potion of haste
 f - 2 potions of ambrosia
 z - 2 potions of brilliance
 A - a potion of curing


   Skills:
 + Level 4.9 Fighting
 + Level 14.8 Axes
 - Level 1.0 Throwing
 + Level 4.3 Armour
 - Level 1.1 Dodging
 - Level 1.0 Stealth
 - Level 3.2 Shields
 - Level 1.8 Summonings


You had 3 spell levels left.
You knew the following spells:

 Your Spells              Type           Power      Damage    Failure   Level
a - Magic Dart            Conj           0%         1d3       21%         1
b - Call Imp              Summ           6%         N/A       14%         2
c - Passwall              Tmut/Erth      0%         N/A       30%         2

Your spell library contained the following spells:

 Spells                   Type           Power      Damage    Failure   Level
 Sandblast                Erth           0%         2d4       21%         1
 Scorch                   Fire           0%         2d5       30%         2
 Dazzling Flash           Conj/Hex       0%         N/A       50%         3
 Mephitic Cloud           Conj/Pois/Air  0%         N/A       50%         3
 Portal Projectile        Hex/Tloc       0%         N/A       50%         3
 Stone Arrow              Conj/Erth      0%         3d7       50%         3
 Tukima's Dance           Hex            0%         N/A       50%         3
 Volatile Blastmotes      Fire/Tloc      0%         2d10      50%         3
 Flame Wave               Conj/Fire      0%         2d4       88%         4
 Iskenderun's Mystic Bla  Conj/Tloc      0%         2d3       88%         4
 Blade Hands              Tmut           0%         N/A       99%         5
 Starburst                Conj/Fire      0%         6d3       100%        6
 Summon Cactus Giant      Summ           1%         N/A       100%        6


Dungeon Overview and Level Annotations

Branches:
Dungeon (8/15)             Temple (0/1) D:7
   Lair: D:8-11

Altars:
Gozag
Sif Muna
The Shining One

Annotations:
D:2 Sigmund


Innate Abilities, Weirdness & Mutations

You have a pair of small antennae on your head.
Your spells are a little easier to cast, but a little less powerful.
You passively dampen the noise of your surroundings.


Message History

Your cerulean imp barely misses the two-headed ogre.
Your cerulean imp hits the two-headed ogre but does no damage.
Your cerulean imp hits the two-headed ogre but does no damage.
Throw: 3 javelins
Press: ? - help, Q - select action, (/) - cycle Shift-Dir - straight line, f/p - two-headed ogre
Aim: a two-headed ogre, wielding a +0 giant club and a +0 giant spiked club (moderately wounded, ally target, 76% to hit)
You throw a javelin.
The javelin pierces through the two-headed ogre but does no damage.
The two-headed ogre is moderately wounded.
Your cerulean imp hits the two-headed ogre but does no damage.
The two-headed ogre closely misses you.
The two-headed ogre hits you with a +0 giant spiked club!!
Your cerulean imp hits the two-headed ogre from afar with a -4 spear.
Aiming: Throw Flame
Press: ? - help, Q - select action, (/) - cycle Shift-Dir - straight line, f/p - two-headed ogre
Aim: a two-headed ogre, wielding a +0 giant club and a +0 giant spiked club (moderately wounded, ally target, 85% to hit)
The puff of flame hits the two-headed ogre.
The two-headed ogre is moderately wounded.
Your cerulean imp hits the two-headed ogre from afar with a -4 spear.
The two-headed ogre attacks as you move away!
You block the two-headed ogre's attack.
The two-headed ogre hits you with a +0 giant spiked club.
Aiming: Iceblast
Press: ? - help, Q - select action, (/) - cycle Shift-Dir - straight line, f/p - two-headed ogre
Aim: a two-headed ogre, wielding a +0 giant club and a +0 giant spiked club (moderately wounded, ally target) That beam is likely to hit you.
Continue anyway?
The mass of ice explodes!
The iceblast engulfs the two-headed ogre!
The two-headed ogre is heavily wounded.
The iceblast engulfs you.
Your cerulean imp hits the two-headed ogre but does no damage.
The two-headed ogre hits you with a +0 giant club!!
The two-headed ogre barely misses you.
You are too injured to fight recklessly!
As you read the scroll of teleportation, it crumbles to dust.
You feel strangely unstable.
Your cerulean imp hits the two-headed ogre from afar with a -4 spear.
The two-headed ogre attacks as you move away!
The two-headed ogre hits you with a +0 giant club!!
You die...

#.....# #..(..# #.....#
#.....# #.....#
#####..5..# ..........#
.......O..#..# ###
.......@..#..##...
..........#.......
..........#......
.....##'###.....
.....#.......# ######
.....#.......######.....
.... #.......#....#.....
... #...##..#....#.<...
#'####..# ...#.....


You could see a two-headed ogre (ally target) and a friendly cerulean imp
(summoned).

Vanquished Creatures
  Maggie (D:6)
  3 water moccasins
  An ice beast (D:6)
  3 ogres
  A black bear (D:5)
  2 bullfrogs
  A gnoll sergeant (D:5)
  2 scorpions
  4 howler monkeys (D:7)
  5 hounds
  An orc priest (D:5)
  A gnoll bouda (D:6)
  Crazy Yiuf (D:3)
  3 jellies
  7 iguanas
  3 orc wizards
  14 gnolls
  12 adders
  2 white imps (D:7)
  A worm (D:2)
  2 dart slugs (D:1)
  19 orcs
  8 bats
  7 endoplasms
  6 giant cockroaches
  6 goblins
  9 hobgoblins
  7 jackals (D:4)
  8 kobolds
  5 quokkas
  8 ball pythons
  5 frilled lizards
  2 rats
160 creatures vanquished.

Vanquished Creatures (collateral kills)
  A howler monkey (D:7)
  An iguana (D:6)
  An orc (D:7)
3 creatures vanquished.

Vanquished Creatures (others)
  8 fungi (D:5)
8 creatures vanquished.

Grand Total: 171 creatures vanquished

Notes
Turn   | Place    | Note
-------+----------+-------------------------------------------
     0 | D:1      | Hexicom the Hill Orc Fighter began the quest for the Orb.
     0 | D:1      | Reached XP level 1. HP: 19/19 MP: 1/1
   103 | D:1      | Reached skill level 3 in Axes
   233 | D:1      | Reached XP level 2. HP: 26/26 MP: 2/2
   255 | D:1      | Reached skill level 4 in Axes
   421 | D:1      | Reached XP level 3. HP: 31/31 MP: 3/3
  1017 | D:2      | Found a faded altar of an unknown god.
  1165 | D:2      | Noticed Sigmund
  1329 | D:2      | Reached skill level 5 in Axes
  1464 | D:2      | Reached XP level 4. HP: 37/39 MP: 4/4
  1464 | D:2      | Upgraded the game from 0.30-b1-2-g02819fbbbe to
                  | 0.30-b1-5-g8e6c1be481
  1978 | D:3      | Identified the amulet of Tioroown {Faith MP+9 Str+4 Int+4}
  2385 | D:3      | Reached skill level 1 in Throwing
  2390 | D:3      | Reached skill level 1 in Dodging
  2390 | D:3      | Reached XP level 5. HP: 42/45 MP: 5/5
  2405 | D:3      | Reached skill level 1 in Stealth
  2784 | D:3      | Reached skill level 6 in Axes
  3132 | D:3      | Found a runed translucent door.
  3133 | D:3      | Noticed Crazy Yiuf
  3140 | D:3      | Killed Crazy Yiuf
  3295 | D:4      | Found a glowing golden altar of the Shining One.
  3309 | D:4      | Reached skill level 7 in Axes
  3309 | D:4      | Reached XP level 6. HP: 51/51 MP: 6/6
  3344 | D:4      | Became a worshipper of Beogh the Brigand
  3395 | D:4      | Identified a scroll of acquirement
  3395 | D:4      | Acquired a +2 broad axe of venom
  3448 | D:4      | Noticed a black bear
  3480 | D:4      | Found a shimmering blue altar of Sif Muna.
  3610 | D:4      | Found a sand-covered staircase.
  3766 | D:4      | Reached skill level 8 in Axes
  3790 | D:4      | Reached * piety under Beogh
  4180 | D:5      | Entered Level 5 of the Dungeon
  4325 | D:5      | Reached skill level 9 in Axes
  4325 | D:5      | Reached XP level 7. HP: 36/57 MP: 7/7
  4503 | D:5      | Identified the +0 robe "Miozy" {rN+ rCorr Str+2 SInv}
  4516 | D:5      | Reached skill level 10 in Axes
  4688 | D:4      | HP: 1/57 [poisoned by a gnoll sergeant]
  4928 | D:5      | Learned a level 1 spell: Magic Dart
  5022 | D:5      | Learned a level 2 spell: Call Imp
  5077 | D:5      | Reached skill level 11 in Axes
  5077 | D:5      | Reached XP level 8. HP: 54/64 MP: 8/8
  5196 | D:5      | Reached ** piety under Beogh
  5593 | D:6      | Reached skill level 12 in Axes
  6135 | D:6      | Reached skill level 13 in Axes
  6216 | D:6      | Noticed Maggie
  6336 | D:6      | Reached skill level 1 in Summonings
  6430 | D:6      | Killed Maggie
  6431 | D:6      | Reached skill level 14 in Axes
  6431 | D:6      | Reached XP level 9. HP: 56/71 MP: 9/9
  6978 | D:7      | Found an opulent altar of Gozag.
  7421 | D:7      | Identified the +4 quarterstaff of Pufap {venom, Will++
                  | Str+2 Int+3 Dex-5}
  7458 | D:7      | Found a staircase to the Ecumenical Temple.
  7493 | D:7      | Gained mutation: You have a pair of small antennae on your
                  | head. [potion of mutation]
  7493 | D:7      | Gained mutation: Your spells are a little easier to cast,
                  | but a little less powerful. [potion of mutation]
  7493 | D:7      | Gained mutation: You passively dampen the noise of your
                  | surroundings. [potion of mutation]
  7926 | D:7      | Learned a level 2 spell: Passwall
  7967 | D:8      | Noticed a two-headed ogre
  8102 | D:8      | Slain by a two-headed ogre

Illustrated notes

Levels and vault maps discovered:
D:1:      dpeg_arrival_arbitrary_c, layout_loops_cross
D:2:      layout_loops_ring, ebering_ecumenical_altar_abandoned, uniq_terence,
          uniq_sigmund
D:3:      cheibrodos_greedy_goblins, layout_loops_corners,
          uniq_crazy_yiuf_cottage
D:4:      layout_basic, mainiacjoe_overflow_chevrons, tso_metal_star,
          nicolae_ossuary_entry_false_entrances, hangedman_feature_mirror,
          hangedman_abyss_or_decor_lesser_grid
D:5:      layout_loops_ring, minmay_misc_feat_plants
D:6:      layout_basic, uniq_maggie
D:7:      layout_loops_ring, nicolae_overflow_crystal_walls,
          minmay_temple_entry_glass
D:8:      layout_gridville, david_lair_generic, uniq_psyche, uniq_prince_ribbit1

Skill      XL: |  1  2  3  4  5  6  7  8 |
---------------+-------------------------+-----
Axes           | 3 4 5 7 9 11 14 | 14.8
Throwing       | 1 |  1.0
Dodging        | 1 |  1.1
Stealth        | 1 |  1.0
Summonings     | 1 |  1.8
Fighting       | 4 |  4.9
Armour         | 4 |  4.3
Shields        | |  3.2

Action                     |  1- 3 |  4- 6 |  7- 9 || total
---------------------------+-------+-------+-------++-------
  Melee: War axe           |    81 |    92 |       ||   173
         Broad axe         |       |    59 |   151 ||   210
  Throw: Dart              |     5 |    27 |    54 ||    86
         Javelin           |       |     3 |    16 ||    19
   Cast: Call Imp          |       |       |    18 ||    18
         Magic Dart        |       |       |     4 ||     4
         Passwall          |       |       |     3 ||     3
 Invoke: Convert to Beogh  |       |     1 |       ||     1
         Smiting           |       |       |     1 ||     1
  Evoke: Wand              |       |       |     2 ||     2
    Use: Scroll            |     5 |     7 |     8 ||    20
         Potion            |       |     2 |     5 ||     7
   Stab: Sleeping          |     1 |     1 |       ||     2
         Distracted        |       |       |     1 ||     1
 Armour: Scale mail        |     8 |       |       ||     8
         Leather armour    |    19 |    64 |    38 ||   121
         Swamp dragon scal |       |       |    15 ||    15
  Dodge: Dodged            |    39 |    93 |    69 ||   201
  Block: Buckler           |    20 |    30 |    47 ||    97
